 Dungeon Crawl Stone Soup version 0.26-a0-540-g8a0c9464d7 (webtiles) character file.

Game seed: 16760486452887446451

5193 vurker the Covert (level 10, -2/82 HPs)
             Began as a Gnoll Delver on Aug 23, 2020.
             Was the Champion of Cheibriados.
             Slain by an orc warrior
             ... wielding a +0 trident
              (9 damage)
             ... on level 7 of the Dungeon.
             The game lasted 00:12:18 (7506 turns).

vurker the Covert (Gnoll Delver)                    Turns: 7506, Time: 00:12:19

Health: -2/82      AC: -6    Str: 30    XL:     10   Next: 60%
Magic:  18/18      EV: 15    Int: 30    God:    Cheibriados [******]
Gold:   348        SH:  0    Dex: 32    Spells: 19/19 levels left

rFire    . . .     SeeInvis .   a - +1 flail (drain)
rCold    . . .     Faith    .   (no shield)
rNeg     . . .     Spirit   .   f - +3 plate armour
rPois    .         Reflect  .   l - +1 helmet
rElec    .         Harm     .   (no cloak)
rCorr    .                      (no gloves)
MR       .....                  (no boots)
Stlth    +.........             A - amulet of regeneration
HPRegen  0.63/turn              C - ring of wizardry
MPRegen  0.16/turn              B - ring of flight

@: corroded, very slow
A: distributed training, fangs 1, strong nose
a: Bend Time, Temporal Distortion, Slouch, Step From Time, Renounce Religion,
Evoke Flight


You were on level 7 of the Dungeon.
You worshipped Cheibriados.
Cheibriados was exalted by your worship.
You visited 1 branch of the dungeon, and saw 8 of its levels.
You also visited: Sewer and Ossuary.

You collected 348 gold pieces.

Inventory:

Hand Weapons
 a - a +1 flail of draining (weapon)
   (You took it off an orc on level 6 of the Dungeon)
 b - a +0 vorpal hand crossbow
   (You took it off a kobold in a sewer)
Missiles
 t - 94 bolts
Armour
 f - a +3 plate armour (worn)
   (You took it off an orc warrior on level 7 of the Dungeon)
 l - a +1 helmet (worn)
   (You found it in a sewer)
Jewellery
 A - an amulet of regeneration (around neck)
   (You found it on level 1 of the Dungeon)
 B - a ring of flight (right hand)
   (You found it on level 6 of the Dungeon)
 C - a ring of wizardry (left hand)
   (You found it on level 2 of the Dungeon)
Wands
 v - a wand of digging (3)
 E - a wand of polymorph (12)
   (You found it on level 2 of the Dungeon)
Scrolls
 c - 4 scrolls of fog
 d - 4 scrolls of magic mapping
 e - a scroll of fear
 i - 5 scrolls of blinking
 j - a scroll of amnesia
 n - 2 scrolls of remove curse
 q - a scroll of enchant weapon
 s - a scroll of immolation
 u - 3 scrolls of teleportation
 w - a scroll of vulnerability {unknown}
 x - 3 scrolls of enchant armour
Potions
 g - 4 potions of lignification
 h - 2 potions of cancellation
 k - 16 potions of heal wounds
 m - 5 potions of curing
 o - a potion of might
 p - 4 potions of flight
 r - 3 potions of brilliance
 z - a potion of resistance
 D - a potion of mutation {unknown}


   Skills:
 + Level 8.6 Fighting
 + Level 5.4 Short Blades
 + Level 5.4 Long Blades
 + Level 5.4 Axes
 + Level 7.2 Maces & Flails
 + Level 5.4 Polearms
 + Level 5.4 Staves
 + Level 5.4 Slings
 + Level 5.4 Bows
 + Level 5.4 Crossbows
 + Level 5.4 Throwing
 + Level 5.4 Armour
 + Level 7.2 Dodging
 + Level 10.9 Stealth
 + Level 5.4 Shields
 + Level 5.4 Unarmed Combat
 + Level 5.4 Spellcasting
 + Level 4.5 Conjurations
 + Level 4.5 Hexes
 + Level 4.5 Summonings
 + Level 4.5 Necromancy
 + Level 4.5 Translocations
 + Level 4.5 Transmutations
 + Level 4.5 Fire Magic
 + Level 4.5 Ice Magic
 + Level 4.5 Air Magic
 + Level 4.5 Earth Magic
 + Level 4.5 Poison Magic
 + Level 6.0 Invocations
 + Level 5.4 Evocations


You had 19 spell levels left.
You didn't know any spells.
Your spell library contained the following spells:

 Spells                   Type           Power        Failure   Level
 Magic Dart               Conj           ####         3%          1
 Sandblast                Erth           #####.       3%          1
 Blink                    Tloc           N/A          4%          2
 Call Imp                 Summ           #####...     4%          2
 Passwall                 Tmut/Erth      #####...     4%          2
 Slow                     Hex            #####...     4%          2
 Confusing Touch          Hex            #####...     10%         3
 Conjure Flame            Conj/Fire      #####...     10%         3
 Gell's Gravitas          Tloc           #####.....   10%         3
 Mephitic Cloud           Conj/Pois/Air  #####...     10%         3
 Stone Arrow              Conj/Erth      #####.       10%         3
 Petrify                  Tmut/Erth      #####...     32%         4
 Lee's Rapid Deconstruct  Erth           #####.....   63%         5
 Metabolic Englaciation   Hex/Ice        #####.....   63%         5
 Yara's Violent Unravell  Hex/Tmut       #####.....   63%         5


Dungeon Overview and Level Annotations

Branches:
Dungeon (8/15)             Temple (0/1) D:6           Sewer (visited)
Ossuary (visited)
   Lair: D:8-11

Altars:
Ashenzari
Cheibriados
Dithmenos
Fedhas
Makhleb
Nemelex Xobeh
Okawaru
Ru
Vehumet
Wu Jian
Yredelemnul
The Shining One

Annotations:
D:5 1 runed translucent door, Crazy Yiuf


Innate Abilities, Weirdness & Mutations

Your experience applies equally to all skills.
You have very sharp teeth.
Your uncanny sense of smell can sniff out nearby items.


Message History

You hit the ogre. You bite the ogre, but do no damage. The ogre misses you.
You hit the ogre.
The ogre hits you with a +0 giant spiked club!
You sock the ogre!
You kill the ogre!
Cheibriados thoroughly appreciates the change of pace.
Your Invocations skill increases to level 6!
Things that are here:
a +0 giant spiked club; an ogre corpse
There is a stone staircase leading up here.
You climb upwards.
The orc warrior shouts!
The rust devil screeches! x2
An orc warrior comes into view. It is wielding a +0 glaive.
Found a scimitar, an ivory morningstar, a war axe and a halberd.
There is a stone staircase leading down here.
The orc warrior shouts!
The orc warrior hits you but does no damage. x2
The orc warrior closely misses you.
There is a stone staircase leading down here.
You hit the rust devil. The orc warrior completely misses you.
The rust devil hits you. The rust devil corrodes you!
You barely miss the rust devil. You bite the rust devil.
The orc warrior misses you. The rust devil hits you.
The rust devil corrodes you! The rust devil hits you.
The rust devil corrodes you!
You hit the rust devil but do no damage.
Your punch misses the rust devil. The orc warrior barely misses you.
The rust devil hits you. The rust devil corrodes you!
The orc warrior misses you. The rust devil hits you.
The rust devil corrodes you!
You hit the rust devil but do no damage.
The orc warrior barely misses you. The rust devil closely misses you.
The rust devil barely misses you. The orc warrior misses you.
You hit the rust devil but do no damage.
The orc warrior barely misses you. The rust devil barely misses you.
The rust devil hits you. The rust devil corrodes you!
You hit the rust devil but do no damage.
You bite the rust devil, but do no damage.
The orc warrior hits you from afar with a +0 glaive!
The rust devil hits you. The rust devil corrodes you!
The orc warrior hits you from afar with a +0 trident!!
* * * LOW HITPOINT WARNING * * *
The rust devil barely misses you. The rust devil hits you!
* * * LOW HITPOINT WARNING * * *
The rust devil corrodes you!
The orc warrior hits you from afar with a +0 glaive!
* * * LOW HITPOINT WARNING * * *
The orc warrior hits you from afar with a +0 trident!
You die...

#####.......#.# #...........#.
#####.......#.######.##.##<....#.
....+...............)...######.#.
............#.###.#..............
._..........)....)..##########..#
....#########)###.#........#.....
...................####.##.#.#.#.
......####.#...###...##.##.#.#.#.
......# #...###@###..#.##(#.###.
......# #..##♣.44♣##.#.##((..)..
......# #..#).oo..)#...##..[))..
).....# #.###.....###..##.......
......# #.#∆+..8..+∆#..<#.......
......# #.###.....###..##.......
####### #..#).....)#...##.......
# ##.##♣...♣##.#.##....... #
#..###∩###..#.##.......


You could see 2 rust devils and 2 orc warriors.

Vanquished Creatures
  Psyche (D:8)
  Maggie (D:6)
  A hippogriff (D:8)
  Sigmund (D:5)
  A wraith (Ossuary)
  Duvessa (D:5)
  A hornet zombie (D:6)
  3 sky beasts
  4 orc warriors
  A black bear (D:7)
  2 ice beasts (D:6)
  A necrophage (D:8)
  4 ogres
  2 centaurs (D:6)
  4 big kobolds (Sewer)
  4 bullfrogs
  Dowan (D:5)
  2 scorpions
  6 killer bees (D:7)
  3 wights (D:7)
  3 howler monkeys
  A bullfrog zombie (D:8)
  5 hounds
  A quasit (D:8)
  2 jellies (D:7)
  2 centaur skeletons
  5 orc priests
  4 orc wizards
  An iguana (D:8)
  6 worker ants
  A mummy (Ossuary)
  A hound skeleton (D:4)
  A worker ant zombie (D:8)
  15 gnolls
  7 adders
  5 river rats (Sewer)
  2 white imps (D:7)
  2 oozes
  2 adder skeletons
  An adder zombie (D:8)
  A worm (D:3)
  A dart slug (D:1)
  8 leopard geckos
  20 orcs
  4 bats
  9 giant cockroaches
  9 goblins
  4 hobgoblins (D:1)
  12 jackals
  17 kobolds
  3 quokkas
  7 ball pythons
  9 frilled lizards
  6 gnoll skeletons (Ossuary)
  A goblin zombie (D:8)
  A jackal skeleton (D:4)
  A jackal zombie (D:7)
  10 kobold skeletons (Ossuary)
  A leopard gecko skeleton (D:6)
  9 orc skeletons (Ossuary)
  A quokka skeleton (D:4)
  A quokka zombie (D:8)
  26 rats
272 creatures vanquished.

Notes
Turn   | Place    | Note
-------+----------+-------------------------------------------
     0 | D:5      | Reached skill level 9 in Stealth
     0 | D:5      | vurker the Gnoll Delver began the quest for the Orb.
     0 | D:5      | Reached XP level 1. HP: 23/23 MP: 1/1
    10 | D:5      | Noticed Duvessa
    31 | D:4      | Found a snail-covered altar of Cheibriados.
    35 | D:4      | Reached XP level 2. HP: 19/29 MP: 2/2
    45 | D:4      | Became a worshipper of Cheibriados the Contemplative
   255 | D:3      | Reached XP level 3. HP: 30/35 MP: 3/3
   568 | D:3      | Found a glowing drain.
   588 | D:3      | Reached skill level 1 in Invocations
   603 | Sewer    | Entered a sewer
   984 | Sewer    | Reached skill level 1 in Short Blades
   984 | Sewer    | Reached skill level 1 in Long Blades
   984 | Sewer    | Reached skill level 1 in Axes
   984 | Sewer    | Reached skill level 1 in Polearms
   984 | Sewer    | Reached skill level 1 in Staves
   984 | Sewer    | Reached skill level 1 in Slings
   984 | Sewer    | Reached skill level 1 in Bows
   984 | Sewer    | Reached skill level 1 in Crossbows
   984 | Sewer    | Reached skill level 1 in Throwing
   984 | Sewer    | Reached skill level 1 in Armour
   984 | Sewer    | Reached skill level 1 in Shields
   984 | Sewer    | Reached skill level 1 in Unarmed Combat
   984 | Sewer    | Reached skill level 1 in Spellcasting
   984 | Sewer    | Reached skill level 1 in Evocations
   984 | Sewer    | Reached XP level 4. HP: 41/41 MP: 5/5
  1056 | Sewer    | Reached * piety under Cheibriados
  1073 | Sewer    | Reached skill level 1 in Conjurations
  1073 | Sewer    | Reached skill level 1 in Hexes
  1073 | Sewer    | Reached skill level 1 in Summonings
  1073 | Sewer    | Reached skill level 1 in Necromancy
  1073 | Sewer    | Reached skill level 1 in Translocations
  1073 | Sewer    | Reached skill level 1 in Transmutations
  1073 | Sewer    | Reached skill level 1 in Fire Magic
  1073 | Sewer    | Reached skill level 1 in Ice Magic
  1073 | Sewer    | Reached skill level 1 in Air Magic
  1073 | Sewer    | Reached skill level 1 in Earth Magic
  1073 | Sewer    | Reached skill level 1 in Poison Magic
  1271 | Sewer    | Reached XP level 5. HP: 37/47 MP: 6/6
  1364 | Sewer    | Noticed a big kobold
  1364 | Sewer    | Noticed a big kobold
  1364 | Sewer    | Noticed a big kobold
  1367 | Sewer    | Killed a big kobold
  1374 | Sewer    | Killed a big kobold
  1374 | Sewer    | Reached ** piety under Cheibriados
  1374 | Sewer    | Reached XP level 6. HP: 51/53 MP: 8/8
  1380 | Sewer    | Reached skill level 5 in Maces & Flails
  1380 | Sewer    | Reached skill level 5 in Dodging
  1914 | D:3      | Found a shattered altar of Ashenzari.
  2031 | D:3      | Found a radiant altar of Vehumet.
  2033 | D:3      | Found a sacrificial altar of Ru.
  2038 | D:3      | Found an ornate altar of the Wu Jian Council.
  2041 | D:3      | Found a sparkling altar of Nemelex Xobeh.
  2443 | D:1      | Reached XP level 7. HP: 59/59 MP: 10/10
  2658 | D:1      | Reached *** piety under Cheibriados
  3278 | D:2      | Found a faded altar of an unknown god.
  3290 | D:2      | Reached **** piety under Cheibriados
  3616 | D:4      | Found a burning altar of Makhleb.
  3786 | D:4      | Found a blossoming altar of Fedhas.
  3927 | D:4      | Reached skill level 10 in Stealth
  4302 | D:5      | Noticed Sigmund
  4308 | D:5      | Killed Sigmund
  4308 | D:5      | Reached XP level 8. HP: 67/67 MP: 12/12
  4380 | D:5      | Found a runed translucent door.
  4381 | D:5      | Noticed Crazy Yiuf
  4397 | D:5      | Noticed Dowan
  4404 | D:5      | Killed Duvessa
  4407 | D:5      | Killed Dowan
  4463 | D:5      | Found an iron altar of Okawaru.
  4510 | D:5      | Reached ***** piety under Cheibriados
  5173 | D:6      | Found a staircase to the Ecumenical Temple.
  5179 | D:6      | Reached XP level 9. HP: 72/72 MP: 14/14
  5226 | D:6      | Noticed Maggie
  5240 | D:6      | Killed Maggie
  5480 | D:6      | Found a shadowy altar of Dithmenos.
  5953 | D:7      | Reached skill level 5 in Invocations
  6015 | D:7      | Got a twisted spear
  6027 | D:7      | Identified the +5 spear of Dried Tears {flame, rC+} (You
                  | found it on level 7 of the Dungeon)
  6096 | D:7      | Found a basalt altar of Yredelemnul.
  6314 | D:7      | Found a glowing golden altar of the Shining One.
  6443 | D:7      | Reached XP level 10. HP: 80/80 MP: 17/17
  6525 | D:7      | Reached ****** piety under Cheibriados
  6603 | D:7      | Reached skill level 5 in Short Blades
  6603 | D:7      | Reached skill level 5 in Long Blades
  6603 | D:7      | Reached skill level 5 in Axes
  6603 | D:7      | Reached skill level 5 in Polearms
  6603 | D:7      | Reached skill level 5 in Staves
  6603 | D:7      | Reached skill level 5 in Slings
  6603 | D:7      | Reached skill level 5 in Bows
  6603 | D:7      | Reached skill level 5 in Crossbows
  6603 | D:7      | Reached skill level 5 in Throwing
  6603 | D:7      | Reached skill level 5 in Armour
  6603 | D:7      | Reached skill level 5 in Shields
  6603 | D:7      | Reached skill level 5 in Unarmed Combat
  6603 | D:7      | Reached skill level 5 in Spellcasting
  6603 | D:7      | Reached skill level 5 in Evocations
  6651 | D:7      | Got a crystal long sword
  6663 | D:7      | Identified the +9 long sword of the Lame Duck {drain, *Rage
                  | +Rage Int+3} (You found it on level 7 of the Dungeon)
  7060 | D:8      | Found a sand-covered staircase.
  7078 | Ossuary  | Entered an ossuary
  7320 | D:8      | Noticed Psyche
  7327 | D:8      | Killed Psyche
  7497 | D:7      | Noticed a rust devil
  7497 | D:7      | Noticed a rust devil
  7506 | D:7      | Slain by an orc warrior

Illustrated notes

Levels and vault maps discovered:
D:1:      ncdulo_wetmaze, layout_basic
D:2:      layout_rooms, chequers_ecumenical_altar_simple
D:3:      layout_loops_corners, minitemple, nicolae_overflow_crystal_walls,
          cheibrodos_sewer_entry_drain, minmay_misc_feat_rows
D:4:      layout_rooms, kennysheep_little_box, cheibriados_altar_1, hex_medium,
          fedhas_altar_3
D:5:      layout_gridville, minmay_misc_feat_hallway,
          kennysheep_okawaru_gauntlet, uniq_sigmund, uniq_crazy_yiuf_cottage,
          uniq_duvessa
D:6:      layout_loops_ring, minmay_temple_entry_ruins,
          nicolae_dithmenos_shadow_blocks, uniq_maggie
D:7:      cheibrodos_iron_armory, layout_basic, marbit_many_paths, basic_altar,
          minmay_alternating_orb
D:8:      layout_cave_pools, basic_altar, enter_ossuary_4, uniq_psyche,
          uniq_gastronok, uniq_pikel

Skill      XL: |  1  2  3  4  5  6  7  8  9 10 |
---------------+-------------------------------+-----
Stealth        | 10 | 10.9
Invocations    | 1 2 3 4 5 6 |  6.0
Short Blades   | 1 2 3 4 5 |  5.4
Long Blades    | 1 2 3 4 5 |  5.4
Axes           | 1 2 3 4 5 |  5.4
Polearms       | 1 2 3 4 5 |  5.4
Staves         | 1 2 3 4 5 |  5.4
Slings         | 1 2 3 4 5 |  5.4
Bows           | 1 2 3 4 5 |  5.4
Crossbows      | 1 2 3 4 5 |  5.4
Throwing       | 1 2 3 4 5 |  5.4
Armour         | 1 2 3 4 5 |  5.4
Shields        | 1 2 3 4 5 |  5.4
Unarmed Combat | 1 2 3 4 5 |  5.4
Spellcasting   | 1 2 3 4 5 |  5.4
Evocations     | 1 2 3 4 5 |  5.4
Conjurations   | 1 2 3 4 |  4.5
Hexes          | 1 2 3 4 |  4.5
Summonings     | 1 2 3 4 |  4.5
Necromancy     | 1 2 3 4 |  4.5
Translocations | 1 2 3 4 |  4.5
Transmutations | 1 2 3 4 |  4.5
Fire Magic     | 1 2 3 4 |  4.5
Ice Magic      | 1 2 3 4 |  4.5
Air Magic      | 1 2 3 4 |  4.5
Earth Magic    | 1 2 3 4 |  4.5
Poison Magic   | 1 2 3 4 |  4.5
Maces & Flails | 5 6 7 |  7.2
Dodging        | 5 6 7 |  7.2
Fighting       | 7 8 |  8.6

Action                   |  1- 3 |  4- 6 |  7- 9 | 10-12 || total
-------------------------+-------+-------+-------+-------++-------
Melee: Mace              |    65 |       |       |       ||    65
       Bite              |    10 |    15 |    21 |    38 ||    84
       Dagger            |     1 |   125 |    61 |       ||   187
       Punch             |       |       |     3 |     8 ||    11
       Flail             |       |       |    52 |   197 ||   249
 Fire: Hand crossbow     |       |       |   219 |       ||   219
  Use: Scroll            |       |       |    15 |     3 ||    18
       Potion            |       |       |     1 |       ||     1
 Stab: Sleeping          |     5 |    10 |    24 |       ||    39
       Distracted        |       |       |     1 |       ||     1
Armor: Leather armour    |    20 |    35 |     9 |       ||    64
       Chain mail        |       |       |    14 |       ||    14
       Plate armour      |       |       |    17 |   126 ||   143
       Ring mail         |       |       |     4 |       ||     4
Dodge: Dodged            |    61 |   143 |   161 |   219 ||   584

Table legend: (Time is in decaauts)
 A = Elapsed time spent in this place.
 B = Non-inter-level travel time spent in this place.
 C = Inter-level travel time spent in this place.
 D = Time resting spent in this place.
 E = Time spent auto-exploring this place.
 F = Levels seen in this place.
 G = Mean time per level.
                   A        B        C        D        E       F      G
               +--------+--------+--------+--------+--------+-----+--------+
         Total |  11211 |  10860 |    351 |      0 |   8623 |  10 | 1121.1 |
       Dungeon |   9541 |   9190 |    351 |      0 |   7445 |   8 | 1192.6 |
         Sewer |   1394 |   1394 |      0 |      0 |   1029 |   1 | 1394.0 |
       Ossuary |    276 |    276 |      0 |      0 |    148 |   1 |  276.0 |
               +--------+--------+--------+--------+--------+-----+--------+

Top non-repeatable levels by time:
     D:7: 1947 daAuts
     D:5: 1518 daAuts
     D:6: 1445 daAuts
   Sewer: 1394 daAuts
     D:3: 1280 daAuts
     D:1: 1156 daAuts
     D:4: 1108 daAuts
     D:2: 653 daAuts
     D:8: 431 daAuts
 Ossuary: 276 daAuts
